 Dungeon Crawl Stone Soup version 0.29.1-4-g47bece8355 (webtiles) character file.

Game seed: 8175531139443384528

98 kingsuperguy the Chopper (level 4, -1/38 (41) HPs)
             Began as a Hill Orc Monk on Dec 8, 2022.
             Slain by Crazy Yiuf
             ... wielding a +3 quarterstaff of chaos
              (2 damage)
             ... on level 2 of the Dungeon.
             The game lasted 00:02:08 (2671 turns).

kingsuperguy the Chopper (Hill Orc Monk)            Turns: 2671, Time: 00:02:08

HP:   -1/38 (41)    AC:  7    Str: 15    XL:     4   Next: 71%
MP:   4/4           EV: 12    Int: 10    God:
Gold: 92            SH:  0    Dex: 13    Spells: 3/3 levels left

rFire   . . .      SeeInvis .   a - +0 hand axe
rCold   . . .      Faith    .   (no shield)
rNeg    . . .      Spirit   .   d - +0 leather armour
rPois   .          Reflect  .   (no helmet)
rElec   .          Harm     .   (no cloak)
rCorr   .          Rampage  .   (no gloves)
Will    .....                   (no boots)
Stlth   +.........              (no amulet)
HPRegen 0.12/turn               j - +4 ring of protection
MPRegen 0.09/turn               (no ring)

@: confused, ambrosia-drunk, slowed, drained, very slow
A: no striking features
a: no special abilities


You were on level 2 of the Dungeon.
You visited 1 branch of the dungeon, and saw 2 of its levels.

You collected 92 gold pieces.

Inventory:

Hand Weapons
 a - a +0 hand axe (weapon)
Armour
 b - a +0 robe
 d - a +0 leather armour (worn)
Magical Staves
 i - a staff of poison
Jewellery
 j - a +4 ring of protection (left hand)
Scrolls
 g - a scroll of enchant armour {unknown}
 h - 2 scrolls of teleportation {unknown}
 l - a scroll of identify {unknown}
Potions
 f - a potion of heal wounds
 k - a potion of berserk rage {unknown}


   Skills:
 + Level 4.4 Fighting
 + Level 4.9 Axes
 + Level 3.0 Dodging
 + Level 2.4 Stealth


You had 3 spell levels left.
You didn't know any spells.
Your spell library contained the following spells:

 Spells                   Type           Power      Damage    Failure   Level
 Summon Small Mammal      Summ           0%         N/A       43%         1
 Call Canine Familiar     Summ           0%         N/A       80%         3
 Summon Guardian Golem    Hex/Summ       0%         N/A       80%         3


Dungeon Overview and Level Annotations

Branches:
Dungeon (2/15)

Altars:

Annotations:
D:2 Crazy Yiuf


Message History

You hit Crazy Yiuf.
Crazy Yiuf is heavily wounded.
You feel sick. Crazy Yiuf closely misses you.
You hit Crazy Yiuf but do no damage.
Crazy Yiuf is heavily wounded.
You feel sick. Crazy Yiuf misses you.
Crazy Yiuf hits you with a +3 quarterstaff of chaos.
You hit Crazy Yiuf but do no damage.
Crazy Yiuf is heavily wounded.
You feel sick.
Crazy Yiuf hits you with a +3 quarterstaff of chaos.
You feel yourself slow down.
You closely miss Crazy Yiuf.
Crazy Yiuf is heavily wounded.
You feel sick.
You are no longer poisoned.
Crazy Yiuf hits you with a +3 quarterstaff of chaos!
You feel better.
Crazy Yiuf glowers.
Crazy Yiuf hits you with a +3 quarterstaff of chaos!
Crazy Yiuf completely misses you.
You are confused.
You feel invigorated.
Crazy Yiuf hits you with a +3 quarterstaff of chaos.
You feel drained.
You bump into the rock wall.
Crazy Yiuf closely misses you. Crazy Yiuf barely misses you.
You barely miss Crazy Yiuf.
Crazy Yiuf is heavily wounded.
Crazy Yiuf hits you with a +3 quarterstaff of chaos!
You feel your power leaking away.
You bump into the rock wall.
Crazy Yiuf hits you with a +3 quarterstaff of chaos!
* * * LOW HITPOINT WARNING * * *
Crazy Yiuf burns you!
* * * LOW HITPOINT WARNING * * *
Crazy Yiuf hits you with a +3 quarterstaff of chaos.
* * * LOW HITPOINT WARNING * * *
Crazy Yiuf freezes you.
You die...

#.#####....#
#.# ##..##
########.#
#..PP#
#........#
##...#
#........##
##.##
##........'#
##.#
.....>....##
#.## ###
####..####.#
##.# #.# 8#
#.......#
#@## #.#
#####.####.#
#g# #.#
##.##......#
... #.##
##.##.##...#
#...# #..#
⌠#.'.......#
#)..# #..#
##.##......#
##### #.##
##.##..#.###
#.#
##.##..#.#
### #.#
8####..#.#
#.# #.#


You could see Crazy Yiuf.

Vanquished Creatures
  Terence (D:2)
  Robin (D:2)
  2 adders (D:2)
  A bat (D:1)
  4 endoplasms
  A giant cockroach (D:1)
  14 goblins
  2 hobgoblins
  4 jackals (D:1)
  A kobold (D:2)
  3 quokkas (D:2)
  A ball python (D:2)
  A frilled lizard (D:1)
  3 rats
39 creatures vanquished.

Notes
Turn   | Place    | Note
-------+----------+-------------------------------------------
     0 | D:1      | kingsuperguy the Hill Orc Monk began the quest for the Orb.
     0 | D:1      | Reached XP level 1. HP: 19/19 MP: 1/1
   197 | D:1      | Found a faded altar of an unknown god.
   283 | D:1      | Reached XP level 2. HP: 25/27 MP: 2/2
  1285 | D:2      | Found a runed translucent door.
  1286 | D:2      | Noticed Crazy Yiuf
  1319 | D:2      | Reached XP level 3. HP: 33/33 MP: 3/3
  1409 | D:2      | Noticed Terence
  1434 | D:2      | Killed Terence
  1730 | D:2      | Noticed Robin
  1732 | D:2      | Reached XP level 4. HP: 40/40 MP: 4/4
  1750 | D:2      | Killed Robin
  2671 | D:2      | HP: 1/38 [Crazy Yiuf/+3 quarterstaff of chaos (3)]
  2671 | D:2      | Slain by Crazy Yiuf

Illustrated notes

Levels and vault maps discovered:
D:1:      dpeg_arrival_renting, layout_loops_cross,
          hellmonk_ecumenical_altar_zigzags
D:2:      layout_basic, corexii_hall_statues_l, minmay_misc_feat_pillars,
          uniq_crazy_yiuf_cottage, uniq_terence, uniq_robin

Skill      XL: |  1  2  3  4 |
---------------+-------------+-----
Fighting       | 4 |  4.4
Stealth        | 2 |  2.4
Dodging        | 3 |  3.0
Axes           | |  4.9

Action                   |  1- 3 |  4- 6 || total
-------------------------+-------+-------++-------
Melee: Hand axe          |    89 |    47 ||   136
       Punch             |     1 |       ||     1
  Use: Potion            |     3 |     3 ||     6
 Stab: Sleeping          |     1 |       ||     1
Armor: Leather armour    |    26 |     9 ||    35
       Skin              |    12 |       ||    12
Dodge: Dodged            |    58 |    24 ||    82
